 Dungeon Crawl Stone Soup version 0.31-a0-236-g9a0961fb85 (webtiles) character file.

Game seed: 5388665094952123967

1570 qw the Skirmisher (level 8, -1/70 HPs)
             Began as a Minotaur Hexslinger on July 10, 2023.
             Slain by an orc warrior
             ... wielding a +0 mace
              (5 damage)
             ... on level 8 of the Dungeon.
             The game lasted 00:02:20 (6423 turns).

qw the Skirmisher (Minotaur Hexslinger)             Turns: 6423, Time: 00:02:21

Health: -1/70      AC:  6    Str: 13 (15) XL:     8   Next: 59%
Magic:  17/17      EV: 17    Int:  8 (10) God:
Gold:   92         SH:  0    Dex: 18 (21) Spells: 8/9 levels left

rFire   . . .        g - +1 shortbow of Beogh's Supremacy {flame, Will+ MP+9 Str+2}
rCold   . . .        (shield currently unavailable)
rNeg    . . .        p - +0 ring mail
rPois   .            (helmet restricted)
rElec   .            e - scarf {repulsion}
rCorr   .            m - +0 pair of gloves
SInv    .            (no boots)
Will    +....        i - amulet of faith
Stlth   +            r - +6 ring of dexterity
HPRegen 0.31/turn    k - +5 ring of evasion
MPRegen 0.15/turn

%: repel missiles, faith
@: about to teleport
A: horns 2, retaliatory headbutt
a: no special abilities


You were on level 8 of the Dungeon.
You visited 2 branches of the dungeon, and saw 9 of its levels.

You collected 315 gold pieces.
You spent 223 gold pieces at shops.


Innate Abilities, Weirdness & Mutations

You have a pair of horns on your head.
You reflexively headbutt those who attack you in melee.


   Skills:
 - Level 6.0 Fighting
 - Level 10.0 Ranged Weapons
 - Level 2.3 Armour
 + Level 3.8 Dodging
 - Level 1.0 Spellcasting
 - Level 2.0 Hexes


You had 8 spell levels left.
You knew the following spells:

 Your Spells              Type           Power      Damage    Failure   Level
a - Slow                  Hex            12%        N/A       36%         1

Your spell library contained the following spells:

 Spells                   Type           Power      Damage    Failure   Level
 Inner Flame              Hex/Fire       2%         N/A       86%         3
 Portal Projectile        Hex/Tloc       4%         N/A       86%         3
 Cause Fear               Hex            1%         N/A       98%         4

Inventory:

Hand Weapons
 g - the +1 shortbow of Beogh's Supremacy (weapon) {flame, Will+ MP+9 Str+2}
   (You found it on level 2 of the Dungeon)

   Str:       It affects your strength (+2).
   MP:        It affects your magic capacity (+9).
   Will:      It increases your willpower.
Armour
 e - a scarf of repulsion (worn)
 h - a +0 cloak
 m - a +0 pair of gloves (worn)
 p - a +0 ring mail (worn)
Jewellery
 i - an amulet of faith (around neck)
 k - a +5 ring of evasion (right hand)
 r - a +6 ring of dexterity (left hand)
Scrolls
 a - a scroll of identify
 b - a scroll of teleportation
Potions
 f - a potion of resistance
 j - 2 potions of haste
 l - a potion of mutation
 n - 3 potions of might

Dungeon Overview and Level Annotations

Branches:
Dungeon (8/15)             Temple (1/1) D:6
   Lair: D:8-11

Altars:
Ashenzari
Cheibriados
Dithmenos
Fedhas
Gozag
Hepliaklqana
Kikubaaqudgha
Makhleb
Qazlal
Ru
Sif Muna
Trog
Uskayaw
Vehumet
Wu Jian
Xom
Yredelemnul
Zin
The Shining One

Shops:
D:4 *!   D:6 [

Annotations:
D:7 1 runed translucent door, exclusion: gnoll sergeant, Crazy Yiuf


Message History

The orc completely misses you.
You shoot an arrow.
The arrow closely misses the orc warrior.
The water moccasin hisses angrily.
The orc warrior barely misses you. The orc hits you with a +0 morningstar!
The orc closely misses you.
You shoot an arrow.
The arrow closely misses the orc warrior.
The orc warrior hits you with a +0 mace!
The orc completely misses you. The orc closely misses you.
You shoot an arrow.
The arrow barely misses the orc warrior.
The orc warrior hits you with a +0 mace!
The orc misses you. The orc hits you but does no damage.
You shoot an arrow.
The arrow closely misses the orc warrior.
The orc completely misses you.
The orc warrior hits you with a +0 mace.
The orc hits you but does no damage.
6420 ||| READING 2 scrolls of teleportation.
As you read the scroll of teleportation, it crumbles to dust.
You feel strangely unstable. The orc hits you with a +0 dagger.
The orc warrior closely misses you. You furiously retaliate!
You headbutt the orc warrior! The orc misses you.
You shoot an arrow.
The arrow hits the orc warrior but does no damage.
The orc warrior is severely wounded.
The orc warrior hits you with a +0 mace!
The orc completely misses you. The orc hits you but does no damage.
You shoot an arrow.
The arrow hits the orc warrior but does no damage.
The orc warrior is severely wounded.
The orc misses you.
The orc warrior hits you with a +0 mace.
The orc hits you but does no damage.
You shoot an arrow.
The arrow hits the orc warrior but does no damage.
The orc warrior is severely wounded.
The orc warrior hits you with a +0 mace.
You die... #...# #.# #...# #.# #...# #### #.# #...#..... #.# #...#... #.# #.o... #.# #ooS#

######.# ##@.#
.......########.#.......
#######......#.###.##.##
##.####>.## #.. #..#
#.#.# .## #.## #....# #
#.# ###.#.# #.# .#.# #.#
.. .


You could see an orc warrior, a water moccasin and 2 orcs.

Vanquished Creatures
  A steam dragon (D:6)
  2 water moccasins
  An ice beast (D:3)
  A black bear (D:6)
  3 ogres
  A phantom (D:5)
  Blork the orc (D:5)
  A gnoll sergeant (D:7)
  A scorpion (D:6)
  4 hounds (D:5)
  An orc priest (D:4)
  2 iguanas
  3 orc wizards
  Robin (D:2)
  8 adders
  3 gnolls (D:7)
  A shadow imp (D:7)
  3 white imps
  An ufetubus (D:5)
  2 worms (D:2)
  3 dart slugs
  16 orcs
  3 ball pythons (D:2)
  5 endoplasms
  2 giant cockroaches
  5 hobgoblins
  3 jackals (D:3)
  6 kobolds
  2 quokkas
  5 bats
  4 frilled lizards
  14 goblins
  A rat (D:1)
110 creatures vanquished.

Notes
Turn   | Place    | Note
-------+----------+-------------------------------------------
     0 | D:1      | qw the Minotaur Hexslinger began the quest for the Orb.
     0 | D:1      | Reached XP level 1. HP: 16/16 MP: 1/1
     0 | D:1      | 0 ||| qw: Version: 0.3-a-52-g30416fa
     0 | D:1      | 0 ||| qw: Game counter: 4577
     0 | D:1      | 0 ||| qw: Melee chars always use a shield: true
     0 | D:1      | 0 ||| qw: God list: Okawaru
     0 | D:1      | 0 ||| qw: Allow faded altars: false
     0 | D:1      | 0 ||| qw: Do Orc after clearing Dungeon:15 true
     0 | D:1      | 0 ||| qw: Do second Lair branch before Depths: true
     0 | D:1      | 0 ||| qw: Lair rune preference: random
     0 | D:1      | 0 ||| qw: Goals: Normal
     0 | D:1      | 0 ||| PLANNING D:1-11
    26 | D:1      | 26 ||| FLEEEEING.
   215 | D:1      | Reached skill level 3 in Ranged Weapons
   215 | D:1      | Reached XP level 2. HP: 23/23 MP: 2/2
   504 | D:1      | 504 ||| READING 2 scrolls labelled PYOCOI YVOTUOLUOJA.
   505 | D:1      | 505 ||| READING 2 scrolls labelled QORAEW VINY.
   506 | D:1      | 506 ||| READING scroll labelled MOTHRE DUAF.
   507 | D:1      | 507 ||| READING scroll labelled CUQORE EMYPSEWK.
   511 | D:1      | 511 ||| DROPPING scroll of poison.
   512 | D:1      | 512 ||| DROPPING scroll of vulnerability.
   603 | D:2      | Identified the +1 shortbow of Beogh's Supremacy {flame,
                  | Will+ MP+9 Str+2}
   605 | D:2      | 605 ||| SWAPPING to +1 shortbow of Beogh's Supremacy
                  | {flame, Will+ MP+9 Str+2}.
   606 | D:2      | 606 ||| DROPPING +1 sling.
   683 | D:2      | Reached XP level 3. HP: 29/29 MP: 3/3
   837 | D:2      | Noticed Robin
   838 | D:2      | Reached skill level 4 in Ranged Weapons
   840 | D:2      | 840 ||| FLEEEEING.
   841 | D:2      | 841 ||| FLEEEEING.
   845 | D:2      | 845 ||| FLEEEEING.
   846 | D:2      | 846 ||| FLEEEEING.
   847 | D:2      | 847 ||| FLEEEEING.
   848 | D:2      | 848 ||| FLEEEEING.
   849 | D:2      | 849 ||| FLEEEEING.
   861 | D:2      | 861 ||| FLEEEEING.
   862 | D:2      | 862 ||| FLEEEEING.
   863 | D:2      | 863 ||| FLEEEEING.
   866 | D:2      | 866 ||| FLEEEEING.
   867 | D:2      | 867 ||| FLEEEEING.
   868 | D:2      | 868 ||| FLEEEEING.
   869 | D:2      | 869 ||| FLEEEEING.
   870 | D:2      | 870 ||| FLEEEEING.
   878 | D:2      | 878 ||| FLEEEEING.
   879 | D:2      | 879 ||| FLEEEEING.
   880 | D:2      | 880 ||| FLEEEEING.
   881 | D:2      | 881 ||| FLEEEEING.
   882 | D:2      | 882 ||| FLEEEEING.
   884 | D:2      | 884 ||| FLEEEEING.
   885 | D:2      | 885 ||| FLEEEEING.
   886 | D:2      | 886 ||| FLEEEEING.
   889 | D:2      | 889 ||| STAIRDANCE
   911 | D:1      | 911 ||| UPGRADING to +0 cloak.
   916 | D:1      | 916 ||| UPGRADING to amulet of faith.
   929 | D:2      | Killed Robin
  1234 | D:2      | Reached XP level 4. HP: 36/36 MP: 4/4
  1239 | D:2      | 1239 ||| FLEEEEING.
  1362 | D:2      | 1362 ||| UPGRADING to +0 leather armour.
  1372 | D:2      | 1372 ||| DROPPING +0 robe.
  1373 | D:2      | 1373 ||| READING scroll labelled BUDADY BOITUVE.
  1685 | D:3      | Noticed an ice beast
  1692 | D:3      | Killed an ice beast
  1693 | D:3      | Reached skill level 5 in Ranged Weapons
  1693 | D:3      | Reached XP level 5. HP: 30/41 MP: 5/5
  2181 | D:3      | 2181 ||| READING scroll labelled SIRGHO ISORIUFY.
  2358 | D:4      | Reached skill level 3 in Fighting
  2364 | D:4      | Reached skill level 6 in Ranged Weapons
  2365 | D:4      | Found a hazy altar of Hepliaklqana.
  2443 | D:4      | Found a basalt altar of Yredelemnul.
  2486 | D:4      | Reached skill level 1 in Armour
  2486 | D:4      | 2486 ||| FLEEEEING.
  2487 | D:4      | 2487 ||| FLEEEEING.
  2488 | D:4      | 2488 ||| FLEEEEING.
  2489 | D:4      | 2489 ||| FLEEEEING.
  2490 | D:4      | 2490 ||| FLEEEEING.
  2491 | D:4      | 2491 ||| FLEEEEING.
  2492 | D:4      | 2492 ||| FLEEEEING.
  2493 | D:4      | 2493 ||| FLEEEEING.
  2494 | D:4      | 2494 ||| FLEEEEING.
  2495 | D:4      | 2495 ||| FLEEEEING.
  2496 | D:4      | 2496 ||| FLEEEEING.
  2497 | D:4      | 2497 ||| FLEEEEING.
  2498 | D:4      | 2498 ||| FLEEEEING.
  2499 | D:4      | 2499 ||| FLEEEEING.
  2500 | D:4      | 2500 ||| FLEEEEING.
  2501 | D:4      | 2501 ||| FLEEEEING.
  2502 | D:4      | 2502 ||| FLEEEEING.
  2503 | D:4      | 2503 ||| FLEEEEING.
  2504 | D:4      | 2504 ||| FLEEEEING.
  2513 | D:4      | Reached XP level 6. HP: 23/51 MP: 6/6
  2719 | D:4      | Found Yllerch's Assorted Antiques.
  2722 | D:4      | 2722 ||| BUYING 2 red potions (48 gold).
  2722 | D:4      | Bought 2 red potions for 48 gold pieces
  2722 | D:4      | 2722 ||| SHOPLISTING pair of runed gloves (202 gold, have
                  | 126).
  2722 | D:4      | 2722 ||| BUYING scroll of teleportation (81 gold).
  2722 | D:4      | Bought a scroll of teleportation for 81 gold pieces
  2759 | D:4      | Found Ymepybri's Distillery.
  2782 | D:4      | 2782 ||| SHOPLISTING 2 potions of curing (60 gold, have
                  | 45).
  2782 | D:4      | 2782 ||| SHOPLISTING potion of haste (100 gold, have 45).
  2782 | D:4      | 2782 ||| SHOPLISTING potion of heal wounds (50 gold, have
                  | 45).
  2782 | D:4      | 2782 ||| BUYING potion of might (40 gold).
  2782 | D:4      | Bought a potion of might for 40 gold pieces
  2782 | D:4      | 2782 ||| SHOPLISTING potion of mutation (80 gold, have 5).
  2872 | D:4      | Found a stormy altar of Qazlal.
  2975 | D:4      | 2975 ||| UPGRADING to +0 ring mail.
  2985 | D:4      | 2985 ||| DROPPING +0 leather armour.
  2986 | D:4      | 2986 ||| DROPPING amulet of guardian spirit.
  2987 | D:4      | 2987 ||| UPGRADING to +6 ring of dexterity.
  2988 | D:4      | 2988 ||| READING scroll labelled KUEWAU SUTHRYKK.
  2989 | D:4      | 2989 ||| DRINKING 3 red potions.
  2990 | D:4      | 2990 ||| DRINKING 2 silvery potions.
  2995 | D:4      | 2995 ||| STAIRDANCE
  3097 | D:3      | 3097 ||| DRINKING 3 purple potions.
  3098 | D:3      | 3098 ||| READING 4 scrolls of identify.
  3098 | D:3      | 3098 ||| IDENTIFYING fizzy blue potion
  3099 | D:3      | 3099 ||| READING 3 scrolls of identify.
  3099 | D:3      | 3099 ||| IDENTIFYING fizzy emerald potion
  3100 | D:3      | 3100 ||| READING 2 scrolls of identify.
  3100 | D:3      | 3100 ||| IDENTIFYING smoky clear potion
  3101 | D:3      | 3101 ||| DROPPING potion of berserk rage.
  3102 | D:3      | 3102 ||| DROPPING potion of magic.
  3122 | D:5      | Entered Level 5 of the Dungeon
  3225 | D:5      | Reached skill level 7 in Ranged Weapons
  3304 | D:5      | Reached XP level 7. HP: 44/59 MP: 7/7
  3400 | D:5      | Reached skill level 3 in Dodging
  3499 | D:5      | Found a blossoming altar of Fedhas.
  3603 | D:5      | Noticed Blork the orc
  3607 | D:5      | Killed Blork the orc
  3996 | D:5      | 3996 ||| UPGRADING to scarf of repulsion.
  4006 | D:5      | 4006 ||| UPGRADING to +5 ring of evasion.
  4064 | D:6      | Reached skill level 8 in Ranged Weapons
  4076 | D:6      | Found an opulent altar of Gozag.
  4144 | D:6      | Noticed a steam dragon
  4150 | D:6      | Killed a steam dragon
  4151 | D:6      | Reached XP level 8. HP: 66/68 MP: 8/8
  4167 | D:6      | Reached skill level 9 in Ranged Weapons
  4199 | D:6      | 4199 ||| FLEEEEING.
  4202 | D:6      | 4202 ||| FLEEEEING.
  4203 | D:6      | 4203 ||| FLEEEEING.
  4204 | D:6      | 4204 ||| FLEEEEING.
  4205 | D:6      | 4205 ||| STAIRDANCE
  4291 | D:5      | 4291 ||| DRINKING 2 puce potions.
  4292 | D:5      | 4292 ||| DRINKING 3 fizzy orange potions.
  4293 | D:5      | 4293 ||| DROPPING potion of attraction.
  4294 | D:5      | 4294 ||| DROPPING 2 potions of degeneration.
  4386 | D:6      | 4386 ||| FLEEEEING.
  4387 | D:6      | 4387 ||| FLEEEEING.
  4388 | D:6      | 4388 ||| FLEEEEING.
  4389 | D:6      | 4389 ||| FLEEEEING.
  4394 | D:6      | 4394 ||| FLEEEEING.
  4493 | D:6      | Found Zurem's Armour Shoppe.
  4498 | D:6      | 4498 ||| BUYING +0 pair of gloves (54 gold).
  4498 | D:6      | Bought a +0 pair of gloves for 54 gold pieces
  4498 | D:6      | 4498 ||| SHOPLISTING +2 ring mail of willpower (252 gold,
                  | have 39).
  4638 | D:6      | Found a staircase to the Ecumenical Temple.
  4639 | D:6      | 4639 ||| PLANNING TEMPLE
  4639 | D:6      | 4639 ||| UPGRADING to +0 pair of gloves.
  4644 | D:6      | 4644 ||| DROPPING ring of positive energy.
  4645 | D:6      | 4645 ||| READING scroll labelled UWOGAPY MIATH.
  4646 | D:6      | 4646 ||| READING 3 scrolls of identify.
  4646 | D:6      | 4646 ||| IDENTIFYING murky red potion
  4647 | D:6      | 4647 ||| READING 2 scrolls of identify.
  4647 | D:6      | 4647 ||| IDENTIFYING clear potion
  4648 | D:6      | 4648 ||| DROPPING potion of invisibility.
  4649 | D:6      | 4649 ||| DROPPING potion of brilliance.
  4659 | Temple   | Entered the Ecumenical Temple
  4773 | Temple   | 4773 ||| PLANNING D:1-11
  4960 | D:7      | 4960 ||| DRINKING 2 potions of curing.
  4960 | D:7      | 4960 ||| (to cure confusion)
  5173 | D:7      | Found a runed translucent door.
  5174 | D:7      | Noticed Crazy Yiuf
  5359 | D:7      | Reached skill level 6 in Fighting
  5574 | D:7      | HP: 17/70 [gnoll/+0 halberd[a gnoll sergeant] (8)]
  5575 | D:7      | 5575 ||| READING 4 scrolls of teleportation.
  5576 | D:7      | 5576 ||| DRINKING 3 potions of heal wounds.
  5578 | D:7      | 5578 ||| DRINKING 2 potions of heal wounds.
  5753 | D:7      | 5753 ||| Stepping ~*~*~tactically~*~*~ (outnumbered).
  5768 | D:7      | 5768 ||| FLEEEEING.
  5769 | D:7      | 5769 ||| FLEEEEING.
  5773 | D:7      | 5773 ||| FLEEEEING.
  5775 | D:7      | HP: 15/70 [gnoll/+0 halberd[a gnoll sergeant] (10)]
  5776 | D:7      | 5776 ||| READING 3 scrolls of teleportation.
  5776 | D:7      | HP: 7/70 [gnoll/+0 halberd[a gnoll sergeant] (8)]
  5777 | D:7      | 5777 ||| DRINKING potion of heal wounds.
  6283 | D:7      | 6283 ||| READING 2 scrolls of identify.
  6283 | D:7      | 6283 ||| IDENTIFYING sedimented silvery potion
  6408 | D:8      | 6408 ||| DRINKING potion of curing.
  6408 | D:8      | 6408 ||| (to cure confusion)
  6414 | D:8      | Reached skill level 10 in Ranged Weapons
  6419 | D:8      | HP: 17/70 [orc warrior/+0 mace (6)]
  6420 | D:8      | 6420 ||| READING 2 scrolls of teleportation.
  6421 | D:8      | HP: 5/70 [orc warrior/+0 mace (11)]
  6423 | D:8      | Slain by an orc warrior

Levels and vault maps discovered:
D:1:      matt_arrival_los_fun, layout_rooms, minmay_fountain_box
D:2:      layout_loops_ring, uniq_robin
D:3:      layout_basic, serial_aquarium, aquarium_bridge_square
          [aquarium_subvault_bridge, aquarium_subvault_window,
          aquarium_subvault_window, aquarium_subvault_bridge],
          aquarium_window_1, aquarium_window_3, aquarium_window_fake,
          aquarium_view_2a, serial_bayou_pond_b
D:4:      layout_basic, nicolae_qazlal_general_emergency,
          nicolae_hepliaklqana_hazy_memory, mainiacjoe_overflow_alcove_4,
          serial_shops, nicolae_shop_industrial_runoff,
          nicolae_shop_real_fake_doors
D:5:      layout_loops_ring, fedhas_altar_2, uniq_blork_the_orc
D:6:      layout_cave_pools, grunt_gozag_breadcrumbs,
          minmay_temple_entry_poolview, serial_shops, kennysheep_little_box,
          serial_column_ruins, column_ruins_hut_water, column_ruins_hut_water,
          column_ruins_grid_1, column_ruins_open_small,
          column_ruins_columns_corner, column_ruins_open_small,
          column_ruins_corridor_straight, column_ruins_columns_corner
D:7:      layout_layer_cave, enter_bailey_6, nicolae_elevator_lobby_asterisk,
          uniq_crazy_yiuf_cottage
D:8:      layout_loops_cross, nicolae_elyvilon_temple_path,
          nemelex_spade_bored_becter, marbit_many_paths,
          grunt_decor_mini_mirrors, minmay_parallelograms, uniq_maurice
Temple:   nicolae_temple_superstar

Skill      XL: |  1  2  3  4  5  6  7  8 |
---------------+-------------------------+-----
Ranged Weapons | 3 4 5 6 7 8 10 | 10.0
Fighting       | 2 3 4 5 6 |  6.0
Armour         | 1 2 |  2.3
Dodging        | 3 |  3.8
Spellcasting   | |  1.0
Hexes          | |  2.0

Action                     |  1- 3 |  4- 6 |  7- 9 || total
---------------------------+-------+-------+-------++-------
   Fire: Sling             |    49 |       |       ||    49
         Shortbow          |    45 |   104 |   183 ||   332
    Use: Scroll            |     4 |     6 |     7 ||    17
         Potion            |       |     3 |     7 ||    10
 Armour: Robe              |     2 |       |       ||     2
         Leather armour    |       |     5 |       ||     5
         Ring mail         |       |     1 |    29 ||    30
  Dodge: Dodged            |    26 |    15 |    67 ||   108
         Repelled          |       |       |     1 ||     1

Table legend:
 A = Non-vault XP
 B = Vault XP
 C = Vault XP percentage of total XP
 D = Non-vault monster count
 E = Vault monster count
 F = Vault count percentage of total count
                 A         B        C        D         E       F
            +---------+---------+-------+---------+---------+-------
      Total |    2116 |     127 |   5.7 |      99 |      11 |  10.0
            +---------+---------+-------+---------+---------+-------
        D:1 |      31 |       0 |   0.0 |      15 |       0 |   0.0
        D:2 |      55 |      28 |  33.7 |      20 |       8 |  28.6
        D:3 |     159 |       5 |   3.0 |      12 |       2 |  14.3
        D:4 |     137 |       0 |   0.0 |      12 |       0 |   0.0
        D:5 |     587 |      94 |  13.8 |      14 |       1 |   6.7
        D:6 |     768 |       0 |   0.0 |      14 |       0 |   0.0
        D:7 |     343 |       0 |   0.0 |      11 |       0 |   0.0
        D:8 |      36 |       0 |   0.0 |       1 |       0 |   0.0
            +---------+---------+-------+---------+---------+-------
